 Dungeon Crawl Stone Soup version 0.29.1-13-g9f3cf754e1 (webtiles) character file.

Game seed: 5187444806642169709

2 Thatpatchoflichen the Ogre Mage (level 1, 0/16 HPs)
             Began as an Ogre Hedge Wizard on Jan 29, 2023.
             Slain by a kobold
             ... wielding a +0 dagger
              (1 damage)
             ... on level 1 of the Dungeon.
             The game lasted 00:00:42 (69 turns).

Thatpatchoflichen the Ogre Mage (Ogre Hedge Wizard)   Turns: 69, Time: 00:00:43

Health: 0/16       AC:  3    Str: 13    XL:     1   Next: 30%
Magic:  2/5        EV:  9    Int: 15    God:
Gold:   10         SH:  0    Dex:  8    Spells: 6/7 levels left

rFire   . . .      SeeInvis .   a - +0 dagger
rCold   . . .      Faith    .   (no shield)
rNeg    . . .      Spirit   .   b - +0 robe
rPois   .          Reflect  .   c - +0 hat
rElec   .          Harm     .   (no cloak)
rCorr   .          Rampage  .   (gloves unavailable)
Will    .....                   (boots unavailable)
Stlth   +.........              (no amulet)
HPRegen 0.05/turn               (no ring)
MPRegen 0.09/turn               (no ring)

@: no status effects
A: large, unfitting armour, tough skin 1
a: no special abilities


You were on level 1 of the Dungeon.
You visited 1 branch of the dungeon, and saw 1 of its levels.

You collected 10 gold pieces.

Inventory:

Hand Weapons
 a - a +0 dagger (weapon)
Armour
 b - a +0 robe (worn)
 c - a +0 hat (worn)
Potions
 d - a potion of magic


   Skills:
 + Level 0.3 Fighting
 + Level 1.8 Dodging
 - Level 1.4 Stealth
 + Level 3.6 Spellcasting
 - Level 0.8 Conjurations
 - Level 0.8 Summonings
 - Level 0.8 Translocations


You had 6 spell levels left.
You knew the following spells:

 Your Spells              Type           Power      Damage    Failure   Level
a - Magic Dart            Conj           20%        1d4       13%         1

Your spell library contained the following spells:

 Spells                   Type           Power      Damage    Failure   Level
 Slow                     Hex            8%         N/A       19%         1
 Blink                    Tloc           10%        N/A       21%         2
 Call Imp                 Summ           5%         N/A       21%         2
 Conjure Flame            Conj/Fire      4%         6-21      43%         3
 Mephitic Cloud           Conj/Pois/Air  3%         N/A       45%         3


Dungeon Overview and Level Annotations

Branches:
Dungeon (1/15)

Altars:

Shops:
D:1 (


Innate Abilities, Weirdness & Mutations

You are too large for most types of armour.
You have tough skin. (AC +1)


Message History

The hobgoblin is moderately wounded.
The hobgoblin barely misses you. The kobold closely misses you.
You hit the hobgoblin but do no damage.
The hobgoblin is moderately wounded.
The hobgoblin barely misses you. The kobold hits you with a +0 dagger.
You completely miss the hobgoblin. You punch the hobgoblin.
The hobgoblin is almost dead.
The hobgoblin closely misses you. The kobold barely misses you.
You hit the hobgoblin but do no damage.
The hobgoblin is almost dead.
The kobold completely misses you. The hobgoblin hits you.
You closely miss the hobgoblin.
The hobgoblin is almost dead.
The hobgoblin closely misses you. The kobold closely misses you.
You barely miss the hobgoblin.
The hobgoblin is almost dead.
The hobgoblin hits you. The kobold barely misses you.
You hit the hobgoblin but do no damage.
The hobgoblin is almost dead.
The hobgoblin hits you but does no damage.
The kobold hits you but does no damage.
You barely miss the hobgoblin.
The hobgoblin is almost dead.
The hobgoblin barely misses you. The kobold closely misses you.
You closely miss the hobgoblin.
The hobgoblin is almost dead.
The hobgoblin hits you.
* * * LOW HITPOINT WARNING * * *
The kobold barely misses you.
You completely miss the hobgoblin.
The hobgoblin is almost dead.
The kobold barely misses you. The hobgoblin hits you.
* * * LOW HITPOINT WARNING * * *
You completely miss the hobgoblin.
The hobgoblin is almost dead.
The hobgoblin barely misses you. The kobold hits you but does no damage.
You hit the hobgoblin.
You kill the hobgoblin!
The kobold hits you with a +0 dagger.
You die...

8..∩.. .8...8
### ..8.8
..####...8
#.#.....#
#.#.....#
##.#..K..#
###..#†@...#
#....).....#
#'###......#
#.# ####+###
##.## #...#
#...# ##...##
####..⌠..####


You could see a kobold.

Vanquished Creatures
  A goblin (D:1)
  A hobgoblin (D:1)
  A frilled lizard (D:1)
3 creatures vanquished.

Notes
Turn   | Place    | Note
-------+----------+-------------------------------------------
     0 | D:1      | Thatpatchoflichen the Ogre Hedge Wizard began the quest for
                  | the Orb.
     0 | D:1      | Reached XP level 1. HP: 16/16 MP: 5/5
    54 | D:1      | Found Jatec's Weapon Boutique.
    69 | D:1      | Slain by a kobold

Illustrated notes

Levels and vault maps discovered:
D:1:      evilmike_arrival_plus, layout_basic, serial_shops,
          nicolae_diamond_shop

Action                   || total
-------------------------++-------
Melee: Dagger            ||    24
       Punch             ||     1
 Cast: Magic Dart        ||     5
Armor: Robe              ||     7
Dodge: Dodged            ||    21
